 Dungeon Crawl Stone Soup version 0.13.0-26-gf7ffa3a (webtiles) character file.

1970 Malachi the Cleaver (level 8, -4/60 HPs)
             Began as a Mummy Fighter on Oct 31, 2013.
             Was an Initiate of Okawaru.
             Slain by an orc warrior
             ... wielding a -1,+0 orcish war axe
              (8 damage)
             ... on Level 6 of the Dungeon.
             The game lasted 00:11:45 (6762 turns).

Malachi the Cleaver (Mummy Fighter)                 Turns: 6762, Time: 00:11:45

HP  -4/60        AC 10     Str 21      XL: 8   Next: 73%
MP   7/7         EV  5     Int  7      God: Okawaru [......]
Gold 270         SH 18     Dex 11      Spells:  0 memorised,  7 levels left

Res.Fire  : . . .   See Invis. : .   u - +1 sling (frost)
Res.Cold  : + . .   Warding    : .   g - +0 chain mail
Life Prot.: + + +   Conserve   : .   c - +0 shield
Res.Poison: +       Res.Corr.  : .   m - +0 helmet
Res.Elec. : .       Clarity    : .   (no cloak)
Sust.Abil.: . .     Spirit.Shd : .   (no gloves)
Res.Mut.  : .       Stasis     : .   (no boots)
Res.Rott. : +       Flight     : .   (no amulet)
Saprovore : . . .                    (no ring)
                                     b - cursed ring of protection from fire

@: somewhat resistant to hostile enchantments, extremely unstealthy
A: no food or potions, fire vulnerability, restore body, cold resistance 1, life
protection 3, poison resistance, torment resistance, unbreathing
a: Renounce Religion


You were on level 6 of the Dungeon.
You worshipped Okawaru.
Okawaru was noncommittal.
You were not hungry.

You visited 2 branches of the dungeon, and saw 8 of its levels.

You collected 250 gold pieces.

Inventory:

Hand weapons
 j - a +1,+5 orcish hand axe
 l - a +0,+1 orcish war axe
 u - a +1,+1 sling of frost (weapon)
Missiles
 i - 34 stones
 k - 45 sling bullets (quivered)
 s - a throwing net
Armour
 c - a +0 shield (worn)
 g - a +0 chain mail (worn)
 m - a +0 helmet (worn)
Magical devices
 t - a wand of draining (0)
 x - a wand of slowing (3)
Scrolls
 a - a scroll of immolation {unknown}
 d - 3 scrolls of random uselessness
 e - a scroll of curse weapon {unknown}
 f - a scroll of enchant armour {unknown}
 h - a scroll of amnesia {unknown}
 n - 2 scrolls of enchant weapon I {unknown}
 o - a scroll of fear {unknown}
 p - a scroll of magic mapping {unknown}
 q - 5 scrolls of remove curse {unknown}
 r - 2 scrolls of teleportation {unknown}
 v - a scroll of curse jewellery {unknown}
 w - a scroll of fog {unknown}
Jewellery
 b - a cursed ring of protection from fire (left hand)


   Skills:
 - Level 3.4 Fighting
 * Level 8.7 Axes
 - Level 3.5 Armour
 - Level 1.1 Dodging
 - Level 0.1 Stealth
 - Level 3.2 Shields


You had 7 spell levels left.
You didn't know any spells.

Dungeon Overview and Level Annotations

Branches:
Dungeon (7/27)             Temple (1/1) D:6
    Orc: D:6-11

Altars:
Ashenzari
Cheibriados
Elyvilon
Fedhas
Kikubaaqudgha
Makhleb
Nemelex Xobeh
Okawaru
Sif Muna
Trog
Vehumet
Xom
Yredelemnul


Innate Abilities, Weirdness & Mutations

You do not eat or drink.
Your flesh is vulnerable to fire.
Your flesh is cold resistant.
You are immune to negative energy.
Your system is resistant to poisons.
You are immune to unholy pain and torment.
You can survive without breathing.


Message History

The uncursed runed spear hits you!
You see here an uncursed runed spear.
Firing (i - inventory. (,) - cycle):
k - 46 sling bullets (quivered)
Press: ? - help, Shift-Dir - straight line, f/p - orc warrior
Aim: an orc warrior, wielding an orcish war axe and wearing an orcish plate armour (moderately wounded)
You shoot a sling bullet.
The sling bullet of frost hits the orc warrior.
The orc warrior appears unharmed.
The orc warrior is moderately wounded.
Evoke which item? (* to show all) (? for menu, Esc to quit)
Zapping:
x - a wand of slowing {zapped: 6}
Press: ? - help, Shift-Dir - straight line, f/p - orc warrior
Aim: an orc warrior, wielding an orcish war axe and wearing an orcish plate armour (moderately wounded)
The orc warrior seems to slow down.
The orc warrior hits you with an orcish war axe!
* * * LOW HITPOINT WARNING * * *
The orc warrior hits you with an orcish war axe!
* * * LOW HITPOINT WARNING * * *
The orc warrior hits you with an orcish war axe!
You die...

...................####.....#
...................o........#
#.###.......................# #.#
#.....#####.#######.....# #.#
#.....# #.# ####### ###########
#.# #.)...# #.#
##.._..########o#################
.#.....#........@..>)............
##.)%%.####.........#############
####'### #.........# #.#..#
#.........# #.#.#######.........#
#........>..........#
###########.........# #.........#
#.........#


You could see an orc warrior.

Vanquished Creatures
  Eustachio (D:5)
  Menkaure (D:6)
  2 sky beasts (D:5)
  An ice beast (D:5)
  An ogre (D:4)
  A centaur (D:5)
  A giant frog (D:6)
  5 wights (D:6)
  A jelly (D:6)
  An orc priest (D:3)
  A centaur zombie (D:5)
  A black bear zombie (D:6)
  A crimson imp (D:5)
  2 hounds (D:6)
  3 orc wizards
  2 iguanas
  A scorpion (D:6)
  2 worker ants
  Ijyb (D:5)
  A hound skeleton (D:4)
  A gnoll (D:6)
  11 adders
  A white imp (D:5)
  A giant mite (D:5)
  3 worms
  An ufetubus (D:5)
  2 giant eyeballs
  2 giant geckos
  2 oozes
  19 orcs
  A ball python (D:4)
  6 giant cockroaches
  15 goblins
  19 hobgoblins
  12 jackals
  16 kobolds
  14 bats
  8 giant newts
  2 gnoll skeletons
  A hobgoblin zombie (D:6)
  2 quokkas
  7 rats
176 creatures vanquished.

Vanquished Creatures (others)
  An orc wizard (D:3)
1 creature vanquished.

Grand Total: 177 creatures vanquished

Notes
Turn   | Place    | Note
--------------------------------------------------------------
     0 | D:1      | Malachi, the Mummy Fighter, began the quest for the Orb.
     0 | D:1      | Reached XP level 1. HP: 18/18 MP: 0/0
   208 | D:1      | Reached XP level 2. HP: 20/24 MP: 1/1
   587 | D:2      | Reached XP level 3. HP: 11/30 MP: 2/2
   591 | D:2      | HP: 1/30 [goblin/uncursed dagger (3)]
  1284 | D:2      | Reached XP level 4. HP: 33/36 MP: 3/3
  1571 | D:3      | Reached skill level 1 in Dodging
  1851 | D:3      | Reached XP level 5. HP: 36/42 MP: 4/4
  2170 | D:3      | HP: 2/42 [orc priest/divine providence (9)]
  2576 | D:3      | Reached XP level 6. HP: 25/48 MP: 5/5
  3188 | D:4      | Reached skill level 4 in Axes
  3302 | D:4      | Paralysed by a giant eyeball for 3 turns
  3710 | D:5      | Entered Level 5 of the Dungeon
  3753 | D:5      | Noticed Ijyb
  3769 | D:5      | Killed Ijyb
  3822 | D:5      | Reached skill level 5 in Axes
  3822 | D:5      | Reached XP level 7. HP: 48/53 MP: 6/6
  4137 | D:5      | Noticed Eustachio
  4173 | D:5      | Killed Eustachio
  4173 | D:5      | Reached skill level 6 in Axes
  4756 | D:6      | Reached XP level 8. HP: 57/60 MP: 7/7
  4761 | D:6      | Reached skill level 7 in Axes
  5117 | D:6      | Found a snail-covered altar of Cheibriados.
  5181 | D:6      | Noticed Menkaure
  5247 | D:5      | Reached skill level 8 in Axes
  5708 | D:6      | Killed Menkaure
  5882 | D:6      | Paralysed by a giant eyeball for 3 turns
  5984 | D:6      | Found a staircase to the Ecumenical Temple.
  6052 | D:6      | Found a snail-covered altar of Cheibriados.
  6168 | Temple   | Entered the Ecumenical Temple
  6412 | Temple   | Became a worshipper of Warmaster Okawaru
  6762 | D:6      | Slain by an orc warrior

Action                   |  1- 3 |  4- 6 |  7- 9 || total
-------------------------+-------+-------+-------++-------
Melee: Hand axe          |   120 |    87 |     4 ||   211
       War axe           |       |   214 |   241 ||   455
 Fire: Sling             |       |       |    11 ||    11
Evoke: Wand              |       |       |     3 ||     3
  Use: Scroll            |     4 |     2 |     1 ||     7
